 Dungeon Crawl Stone Soup version 0.27.0-1-g7a089689b8 (webtiles) character file.

Game seed: 5165675415822882713

283 AlmostDecent the Chopper (level 6, -1/39 HPs)
             Began as a Gargoyle Fighter on Aug 14, 2021.
             Was a Believer of Nemelex Xobeh.
             Killed by nerve-wracking pain
             ... invoked by a shadow imp
             ... summoned by Natasha
              (4 damage)
             ... on level 4 of the Dungeon.
             The game lasted 00:09:04 (3743 turns).

AlmostDecent the Chopper (Gargoyle Fighter)         Turns: 3743, Time: 00:09:05

Health: -1/39      AC:  0    Str: 20    XL:     6   Next: 28%
Magic:  6/6        EV: 17    Int:  9    God:    Nemelex Xobeh [**....]
Gold:   124        SH:  0    Dex: 15    Spells: 5/5 levels left

rFire    . . .     SeeInvis .   (weapon currently unavailable)
rCold    . . .     Faith    .   (shield currently unavailable)
rNeg     + . .     Spirit   .   (armour currently unavailable)
rPois    ∞         Reflect  .   (helmet currently unavailable)
rElec    .         Harm     .   (cloak currently unavailable)
rCorr    .         Rampage  .   (gloves currently unavailable)
Will     .....                  (boots currently unavailable)
Stlth    ++........             (no amulet)
HPRegen  0.13/turn              (ring currently unavailable)
MPRegen  0.10/turn              (ring currently unavailable)

@: bat-form, flying, slowed, quick
A: fast, flying, no casting, sickness immunity, AC +4, tiny, negative energy
resistance 1, (electricity resistance), torment resistance 1, petrification
resistance
a: Renounce Religion, Draw Escape, Draw Destruction, Draw Summoning


You were on level 4 of the Dungeon.
You worshipped Nemelex Xobeh.
Nemelex Xobeh was pleased with you.
You were a bat.
You visited 1 branch of the dungeon, and saw 4 of its levels.

You collected 124 gold pieces.

Inventory:

Hand Weapons
 a - a +0 war axe (melded)
Armour
 c - a +0 kite shield (melded)
 h - a +0 chain mail (melded)
 k - a +0 pair of boots (melded)
 o - a +0 cloak (melded)
Jewellery
 g - a ring of fire
 j - a ring of see invisible (melded)
Scrolls
 b - a scroll of amnesia {unknown}
 l - 3 scrolls of fog
 m - a scroll of teleportation
Potions
 d - a potion of might
 e - a potion of resistance
 f - a potion of haste
 i - a potion of curing
 n - a potion of invisibility {unknown}
 q - a potion of mutation


   Skills:
 + Level 4.5 Fighting
 * Level 5.1 Axes
 - Level 3.2 Armour
 + Level 1.0 Stealth
 - Level 3.2 Shields


You had 5 spell levels left.
You didn't know any spells.
Your spell library was empty.

Dungeon Overview and Level Annotations

Branches:
Dungeon (4/15)
 Temple: D:4-7

Altars:
Elyvilon
Nemelex Xobeh

Annotations:
D:3 3 runed translucent doors, avis's ghost, amateur BaIE
D:4 Natasha


Innate Abilities, Weirdness & Mutations

You are a bat.
You are tiny and dextrous.
You move quickly.
You are flying.
Your equipment is almost entirely melded.
You are incapable of wielding weapons or throwing items.
You cannot cast spells.
You are immune to sickness and miasma.
((Your stone body is resilient. (AC +4)))
You are immune to poison.
You resist negative energy. (rN+)
((You are resistant to electric shocks. (rElec)))
You are resistant to unholy torment.
You are immune to petrification.


Message History

You hit the shadow imp.
The shadow imp is almost dead.
You barely miss Natasha. The shadow imp barely misses you.
Natasha casts a spell at you.
The magic dart hits you but does no damage.
You block the shadow imp's attack.
Natasha zaps a wand.
You turn into a bat.
Your +0 war axe melds into your body.
Your +0 cloak melds into your body.
Your +0 pair of boots melds into your body.
Your +0 kite shield melds into your body.
Your +0 chain mail melds into your body.
Your ring of see invisible melds into your body.
You hit the shadow imp but do no damage.
The shadow imp is almost dead.
The shadow imp misses you. Natasha barely misses you. The shadow imp hits you.
You are too injured to fight recklessly!
You are too injured to fight recklessly!
You hit Natasha but do no damage.
Natasha is lightly wounded.
Natasha zaps a wand.
You resist with some effort. The shadow imp gestures at you.
Pain shoots through your body!
* * * LOW HITPOINT WARNING * * *
You hit Natasha but do no damage.
Natasha is lightly wounded.
Natasha growls.
Natasha misses you. The shadow imp barely misses you.
Natasha extends her claws.
Natasha closely misses you.
You hit Natasha.
Natasha is moderately wounded.
The white imp disappears in a puff of smoke!
The shadow imp gestures at you.
You barely resist.
Natasha stares at you and mumbles some strange words.
The magic dart hits you!
* * * LOW HITPOINT WARNING * * *
The shadow imp gestures at you. Pain shoots through your body!
You die...
Your body disappears without a glow.

##...##.###'
##...#####...
#...####.....
##..##
#..⌠...
##...#
#.....8
##...##
##._.##
##...## #####
#####...##
#§5hb5.##
#..###.....#
# #####..#
... ..# .#...
.# #...#.. #
. .##..# #.#


You could see Natasha, a crimson imp (summoned) and a shadow imp (summoned).

Vanquished Creatures
  Crazy Yiuf (D:2)
  Natasha (D:4)
  An orc wizard (D:3)
  2 adders
  2 worms (D:2)
  A dart slug (D:3)
  10 orcs
  3 ball pythons
  3 bats
  12 endoplasms
  2 giant cockroaches
  2 hobgoblins
  2 quokkas (D:2)
  2 frilled lizards
  6 goblins
  5 kobolds
  5 rats
60 creatures vanquished.

Vanquished Creatures (collateral kills)
  Eustachio (D:4)
  An orc priest (D:3)
  An orc wizard (D:3)
  A dart slug (D:4)
  3 orcs (D:3)
7 creatures vanquished.

Grand Total: 67 creatures vanquished

Notes
Turn   | Place    | Note
-------+----------+-------------------------------------------
     0 | D:1      | AlmostDecent the Gargoyle Fighter began the quest for the
                  | Orb.
     0 | D:1      | Reached XP level 1. HP: 14/14 MP: 1/1
   180 | D:1      | Found a faded altar of an unknown god.
   188 | D:1      | Became a worshipper of Nemelex Xobeh the Trickster
   188 | D:1      | Reached * piety under Nemelex Xobeh
   444 | D:1      | Received a gift from Nemelex Xobeh
   494 | D:1      | Reached skill level 2 in Axes
   498 | D:1      | Reached XP level 2. HP: 15/19 MP: 2/2
  1345 | D:2      | Reached XP level 3. HP: 4/24 MP: 3/3
  1847 | D:2      | Reached skill level 3 in Axes
  1987 | D:2      | Received a gift from Nemelex Xobeh
  2096 | D:2      | Reached ** piety under Nemelex Xobeh
  2394 | D:2      | Found a runed translucent door.
  2395 | D:2      | Noticed Crazy Yiuf
  2402 | D:2      | Killed Crazy Yiuf
  2403 | D:2      | Reached XP level 4. HP: 14/29 MP: 4/4
  2477 | D:3      | Reached XP level 5. HP: 7/33 MP: 5/5
  2756 | D:3      | Reached skill level 4 in Axes
  3509 | D:3      | Found a runed translucent gate.
  3510 | D:3      | Found a runed translucent gate.
  3510 | D:3      | Noticed avis's ghost (amateur BaIE)
  3511 | D:3      | Found a runed translucent gate.
  3590 | D:4      | Noticed Eustachio
  3599 | D:4      | Killed Eustachio
  3600 | D:4      | Reached skill level 5 in Axes
  3600 | D:4      | Reached XP level 6. HP: 39/39 MP: 6/6
  3602 | D:4      | Reached skill level 1 in Stealth
  3610 | D:4      | Received a gift from Nemelex Xobeh
  3651 | D:4      | Found a sparkling altar of Nemelex Xobeh.
  3652 | D:4      | Found a white marble altar of Elyvilon.
  3653 | D:4      | Noticed Natasha
  3658 | D:4      | Killed Natasha
  3722 | D:4      | Noticed Natasha
  3743 | D:4      | Killed from afar by a shadow imp

Illustrated notes

Levels and vault maps discovered:
D:1:      dpeg_arrival_windows_large_door, layout_basic, basic_ecumenical_altar,
          hangedman_decor_riveting
D:2:      layout_loops_ring, nicolae_underground_beach, uniq_crazy_yiuf_cottage
D:3:      layout_loops_ring, ebering_ghost_rock_garden
D:4:      layout_cave_pods, gammafunk_temple_overflow_pools,
          gammafunk_ghost_stat_death, uniq_eustachio, uniq_menkaure,
          uniq_natasha

Skill      XL: |  1  2  3  4  5  6 |
---------------+-------------------+-----
Axes           | 2 3 5 |  5.1
Fighting       | 4 |  4.5
Stealth        | 1 |  1.0
Armour         | |  3.2
Shields        | |  3.2

Action                   |  1- 3 |  4- 6 || total
-------------------------+-------+-------++-------
Melee: War axe           |   104 |    89 ||   193
       Unarmed           |       |     4 ||     4
Invok: Draw Destruction  |     1 |     3 ||     4
       Draw Summoning    |       |     2 ||     2
  Use: Potion            |       |     1 ||     1
       Scroll            |       |     7 ||     7
 Stab: Invisible         |     1 |       ||     1
Armor: Scale mail        |    50 |    36 ||    86
       Chain mail        |       |    22 ||    22
Dodge: Dodged            |    33 |    31 ||    64
Block: Kite shield       |    76 |    48 ||   124
